 Dungeon Crawl Stone Soup version 0.31-a0-236-g9a0961fb85 (webtiles) character file.

Game seed: 13011930954969674780

24397 Pooter the Severer (level 12, -10/168 HPs)
             Began as a Minotaur Berserker on July 10, 2023.
             Was an Elder of Trog.
             Mangled by an eight-headed hydra (13 damage)
             ... on level 3 of the Lair of Beasts.
             The game lasted 01:27:48 (19078 turns).

Pooter the Severer (Minotaur Berserker)            Turns: 19078, Time: 01:27:49

Health: -10/168    AC: 14    Str: 30    XL:     12   Next: 80%
Magic:  11/11      EV: 11    Int:  6    God:    Trog [****..]
Gold:   331        SH:  0    Dex: 12    Spells: 11/11 levels left

rFire   . . .        r - +2 scimitar (flame)
rCold   + + .        (no shield)
rNeg    + . .        E - +5 ring mail of Iduupod {*Slow rPois rC+ Int+2}
rPois   +            m - +1 hat of the Dwarven Hall {rC+ Will+ Str+3}
rElec   .            x - scarf of Supple Strength {shadows, Str+2}
rCorr   .            (no gloves)
SInv    .            L - +2 pair of boots {Stlth+}
Will    +....        u - amulet of regeneration Stlth
                     N - ring of positive energy
HPRegen 1.28/turn    (no ring)
MPRegen 0.12/turn

%: slow self (1%)
@: berserking, slowed
A: horns 2, retaliatory headbutt
a: Renounce Religion, Berserk, Trog's Hand, Brothers in Arms


You were on level 3 of the Lair of Beasts.
You worshipped Trog.
Trog was greatly pleased with you.
You visited 2 branches of the dungeon, and saw 14 of its levels.
You also visited: Ossuary, Bailey and Gauntlet.

You collected 1005 gold pieces.
You spent 674 gold pieces at shops.

Inventory:

Hand Weapons
 a - a +3 battleaxe of venom
   (You acquired it in a bailey)
 b - a +2 longbow of electrocution
   (You took it off an orc warlord in a bailey)
 n - a +3 broad axe
   (You took it off an orc warlord in a bailey)
 r - a +2 scimitar of flaming (weapon)
   (You took it off Maggie on level 8 of the Dungeon)
 S - a +1 morningstar of holy wrath
   (You took it off an orc on level 10 of the Dungeon)
Missiles
 k - 7 boomerangs
 v - 30 poisoned darts (quivered)
 A - 2 throwing nets {!f}
 B - 10 silver javelins
 K - a curare-tipped dart
 O - 2 silver boomerangs
Armour
 e - a +0 plate armour
   (You found it on level 1 of the Dungeon)
 h - a +0 buckler
   (You found it on level 2 of the Dungeon)
 m - the +1 hat of the Dwarven Hall (worn) {rC+ Will+ Str+3}
   (You acquired it on level 4 of the Dungeon)

   Str:       It affects your strength (+3).
   rC:        It protects you from cold.
   Will:      It increases your willpower.
 x - the scarf of Supple Strength (worn) {shadows, Str+2}
   (You found it on level 2 of the Lair of Beasts)

   Str:       It affects your strength (+2).
 E - the +5 ring mail of Iduupod (worn) {*Slow rPois rC+ Int+2}
   (You found it on level 5 of the Dungeon)

   Int:       It affects your intelligence (+2).
   rC:        It protects you from cold.
   rPois:     It protects you from poison.
   *Slow:     It may slow you when you take damage.
 L - a +2 pair of boots of stealth (worn)
   (You bought it in a shop on level 6 of the Dungeon)
 U - a +1 pair of boots of rampaging
   (You found it on level 1 of the Lair of Beasts)
Jewellery
 u - an amulet of regeneration (around neck)
   (You found it on level 4 of the Dungeon)
 G - an amulet of the acrobat
   (You found it on level 2 of the Lair of Beasts)
 N - a ring of positive energy (left hand)
   (You found it on level 2 of the Lair of Beasts)
 X - the ring "Cuuwy" {Ice Will+}
   (You found it in a Gauntlet)

   [ring of ice]

   It enhances your ice magic.
   rF:        It makes you vulnerable to fire.
   rC:        It protects you from cold.
   Will:      It increases your willpower.
Wands
 d - a wand of iceblast (25)
   (You found it on level 5 of the Dungeon)
 w - a wand of polymorph (3)
   (You found it on level 10 of the Dungeon)
 D - a wand of digging (1)
   (You took it off Sigmund on level 3 of the Dungeon)
 I - a wand of charming (3)
   (You found it on level 5 of the Dungeon)
 W - a wand of light (10)
   (You found it on level 9 of the Dungeon)
Scrolls
 f - 4 scrolls of poison {!r}
 q - a scroll of vulnerability {!r}
 t - 5 scrolls of teleportation {@r4}
 y - 4 scrolls of fear
 z - a scroll of summoning
 C - a scroll of noise {!r}
 P - a scroll of revelation
 T - 4 scrolls of blinking
 Y - a scroll of enchant armour
Potions
 c - 3 potions of cancellation
 g - 2 potions of curing {@q1}
 j - 4 potions of mutation {!q}
 l - 2 potions of lignification {!q}
 p - 2 potions of enlightenment
 s - a potion of invisibility
 F - a potion of ambrosia
 H - a potion of resistance
 J - 2 potions of attraction {!q}
 M - 3 potions of heal wounds {@q2}
 R - 2 potions of might
 V - 3 potions of haste {@q3}
Miscellaneous
 i - a phial of floods (inert)
   (You found it in a Gauntlet)
 Q - a tin of tremorstones (2/2)
   (You found it on level 3 of the Lair of Beasts)
 Z - a piece from Xom's chessboard (15/15)
   (You found it in a Gauntlet)


   Skills:
 + Level 11.9 Fighting
 * Level 16.2 Axes
 * Level 13.3 Ranged Weapons
 - Level 2.4 Armour
 - Level 2.1 Dodging
 + Level 6.8 Stealth
 + Level 0.5 Evocations


You had 11 spell levels left.
You didn't know any spells.
Your spell library was empty.

Dungeon Overview and Level Annotations

Branches:
Dungeon (10/15) Zot: 26300  Temple (0/1) D:7            Lair (4/5) D:9 Zot: 19932
 Shoals (0/4) Lair:2        Snake (0/4) Lair:2      Ossuary (visited)
 Bailey (visited)         Gauntlet (visited)
  Slime: Lair:4-5       Orc: D:9-12

Altars:
Cheibriados
Dithmenos
Fedhas
Nemelex Xobeh
Okawaru
Qazlal
Ru
Sif Muna
Uskayaw
Vehumet
Wu Jian

Shops:
D:5 *!   D:6 [   D:7 [

Annotations:
D:10 3 runed translucent doors, jlumianski's ghost, journeyman DjFE


Innate Abilities, Weirdness & Mutations

You have a pair of horns on your head.
You reflexively headbutt those who attack you in melee.


Message History

The eight-headed hydra bites you!
* * * LOW HITPOINT WARNING * * *
The eight-headed hydra barely misses you.
The eight-headed hydra bites you but does no damage.
The eight-headed hydra barely misses you.
You climb upwards.
There is a stone staircase leading down, spattered with blood here.
A red film seems to cover your vision as you go berserk!
You feel yourself moving faster!
You feel mighty!
The water moccasin bites you but does no damage.
The polar bear barely misses you.
The polar bear claws you but does no damage.
The polar bear closely misses you. The eight-headed hydra bites you.
* * * LOW HITPOINT WARNING * * *
The eight-headed hydra barely misses you.
The eight-headed hydra bites you.
* * * LOW HITPOINT WARNING * * *
The eight-headed hydra barely misses you.
The eight-headed hydra bites you.
* * * LOW HITPOINT WARNING * * *
The eight-headed hydra bites you!
* * * LOW HITPOINT WARNING * * *
The eight-headed hydra bites you.
* * * LOW HITPOINT WARNING * * *
The eight-headed hydra bites you but does no damage.
The water moccasin misses you. The polar bear bites you!
* * * LOW HITPOINT WARNING * * *
The polar bear claws you but does no damage.
The polar bear closely misses you.
You barely miss the eight-headed hydra. The water moccasin bites you.
* * * LOW HITPOINT WARNING * * *
The eight-headed hydra bites you but does no damage. x3
The eight-headed hydra barely misses you.
The eight-headed hydra bites you but does no damage.
The eight-headed hydra barely misses you.
The eight-headed hydra bites you!
* * * LOW HITPOINT WARNING * * *
The eight-headed hydra closely misses you.
The polar bear bites you!
* * * LOW HITPOINT WARNING * * *
The polar bear closely misses you. The polar bear completely misses you.
The water moccasin closely misses you.
The eight-headed hydra closely misses you. x2
The eight-headed hydra barely misses you.
The eight-headed hydra bites you.
* * * LOW HITPOINT WARNING * * *
The eight-headed hydra bites you but does no damage.
The eight-headed hydra barely misses you.
The eight-headed hydra bites you!
You die...

###...## ##.## .P...##
#..## ...#.# ##..####
....## ####...#..#####
## .....##
#..........#..# ##.
.....P#
#.............#### #..
....###
##.............#.####.
....#
##...D............##..
...##
#....@h..........###..
...#
##...S............#...
..##
###..)..........P.##..
.##
#.#.............##....
##
##...............#....
#.............!.......
###.#.............##..
#########...#..###..
## #.....#.##..


You could see an eight-headed hydra, a polar bear and a water moccasin.

Vanquished Creatures
  An orc warlord (Bailey)
  A reaper (Gauntlet)
  A minotaur (Gauntlet)
  A death yak (Lair:3)
  A boulder beetle (Lair:1)
  Amaemon (Lair:2)
  A skyshark (Lair:3)
  An orc knight (Bailey)
  A moth of wrath (Gauntlet)
  An oklob plant (Lair:2)
  An elephant (Lair:1)
  Joseph (D:8)
  5 cane toads
  2 black mambas (Lair:2)
  An orange demon (Lair:2)
  Maggie (D:8)
  A rime drake (Lair:3)
  6 komodo dragons
  A merfolk (Lair:2)
  A troll (D:10)
  3 polar bears
  A hellwing (Gauntlet)
  A hornet (D:10)
  Sigmund (D:3)
  A steam dragon (D:9)
  A shadow (D:9)
  27 yaks
  2 wyverns
  Eustachio (D:4)
  3 redbacks (Gauntlet)
  2 nagas (Lair:2)
  An acid dragon (D:10)
  Duvessa (D:5)
  5 water moccasins
  15 orc warriors
  2 ice beasts
  3 black bears
  2 ogres
  2 sky beasts (D:7)
  3 wolves (Lair:1)
  A kobold brigand (D:6)
  An elf zombie (Ossuary)
  11 bullfrogs
  5 scorpions
  Dowan (D:5)
  5 wights
  4 killer bees (D:8)
  6 electric eels
  5 howler monkeys (D:7)
  5 lava snakes (Lair:1)
  3 hounds
  9 orc priests
  A jelly (D:7)
  4 sleepcaps
  Natasha (twice) (D:2)
  An iguana (D:5)
  14 orc wizards
  Terence (D:3)
  3 mummies (Ossuary)
  9 adders
  16 gnolls
  A shadow imp (D:7)
  2 white imps
  An ufetubus (D:6)
  2 worms
  4 adder zombies (Ossuary)
  2 dart slugs
  43 orcs
  8 bats
  7 endoplasms
  2 giant cockroaches
  A gnoll zombie (Ossuary)
  22 goblins
  11 hobgoblins
  13 jackals
  12 kobolds
  4 quokkas
  9 ball pythons
  A frilled lizard (D:1)
  2 goblin zombies (Ossuary)
  A hobgoblin zombie (D:4)
  A jackal zombie (D:4)
  2 kobold zombies (Ossuary)
  4 orc zombies
  3 quokka zombies (Ossuary)
  10 rats
  4 rat zombies (Ossuary)
386 creatures vanquished.

Vanquished Creatures (others)
  An adder (D:5)
1 creature vanquished.

Grand Total: 387 creatures vanquished

Notes
Turn   | Place    | Note
-------+----------+-------------------------------------------
     0 | D:1      | Pooter the Minotaur Berserker began the quest for the Orb.
     0 | D:1      | Reached XP level 1. HP: 19/19 MP: 0/0
  2056 | D:1      | Reached XP level 2. HP: 27/27 MP: 1/1
  2057 | D:1      | Reached * piety under Trog
  2058 | D:1      | Reached skill level 4 in Axes
  2058 | D:1      | Reached skill level 1 in Stealth
  2252 | D:1      | Reached XP level 3. HP: 23/33 MP: 2/2
  3039 | D:2      | Reached XP level 4. HP: 32/40 MP: 3/3
  3173 | D:2      | Reached ** piety under Trog
  3432 | D:2      | Noticed Natasha
  3442 | D:2      | Killed Natasha
  3443 | D:2      | Reached skill level 5 in Axes
  3966 | D:2      | Noticed Natasha
  3983 | D:2      | Killed Natasha
  3984 | D:2      | Reached XP level 5. HP: 45/47 MP: 4/4
  4541 | D:3      | Noticed Terence
  4609 | D:3      | Killed Terence
  4610 | D:3      | Reached XP level 6. HP: 55/55 MP: 5/5
  4791 | D:3      | Found a stormy altar of Qazlal.
  4849 | D:3      | Reached skill level 6 in Axes
  4946 | D:3      | Reached skill level 5 in Fighting
  5165 | D:3      | Noticed Sigmund
  5175 | D:3      | Killed Sigmund
  5265 | D:4      | Found a sand-covered staircase.
  5276 | Ossuary  | Entered an ossuary
  5283 | Ossuary  | Reached XP level 7. HP: 61/61 MP: 6/6
  5570 | D:4      | Identified a scroll of acquirement
  5571 | D:4      | Acquired the +1 hat of the Dwarven Hall {rC+ Will+ Str+3}
  5585 | D:4      | Found a shadowy altar of Dithmenos.
  5697 | D:4      | Found an iron altar of Okawaru.
  5752 | D:4      | Found a sacrificial altar of Ru.
  5922 | D:4      | Found a radiant altar of Vehumet.
  5932 | D:4      | Reached skill level 7 in Axes
  5973 | D:4      | Noticed Eustachio
  5992 | D:4      | Killed Eustachio
  6116 | D:4      | Reached skill level 5 in Stealth
  6667 | D:5      | Entered Level 5 of the Dungeon
  6742 | D:5      | Found Tymi Qihunn's Assorted Antiques.
  6750 | D:5      | Bought a scroll labelled RAYKIW GOPH for 27 gold pieces
  6750 | D:5      | Bought a scroll of identify for 54 gold pieces
  6750 | D:5      | Bought a scroll labelled FIUXTISTREGAL for 27 gold pieces
  6750 | D:5      | Bought a bubbling cyan potion for 24 gold pieces
  6750 | D:5      | Bought a fuming inky potion for 24 gold pieces
  6750 | D:5      | Bought a scroll labelled GAEJYI NIXOE for 27 gold pieces
  6750 | D:5      | Bought a scroll of identify for 54 gold pieces
  6812 | D:5      | Reached skill level 1 in Ranged Weapons
  6812 | D:5      | Reached XP level 8. HP: 62/70 MP: 7/7
  6855 | D:5      | Noticed Duvessa
  6855 | D:5      | Noticed Dowan
  6871 | D:5      | Killed Duvessa
  6871 | D:5      | Killed Dowan
  6872 | D:5      | Reached skill level 8 in Axes
  7095 | D:5      | Found Oder's Distillery.
  7276 | D:5      | Identified the +5 ring mail of Iduupod {*Slow rPois rC+
                  | Int+2}
  7346 | D:6      | Found a transporter.
  7361 | D:6      | Found a transporter.
  7572 | D:6      | Reached *** piety under Trog
  7628 | D:6      | Found a sparkling altar of Nemelex Xobeh.
  7650 | D:6      | Found Lianygg's Antique Armour Boutique.
  7672 | D:6      | Reached skill level 9 in Axes
  8327 | D:7      | Found an ornate altar of the Wu Jian Council.
  8344 | D:7      | Reached skill level 5 in Ranged Weapons
  8344 | D:7      | Reached XP level 9. HP: 79/79 MP: 8/8
  8470 | D:7      | Found a blossoming altar of Fedhas.
  8582 | D:6      | Bought a pair of runed boots for 157 gold pieces
  8668 | D:7      | Reached skill level 10 in Axes
  9114 | D:7      | Found Daodehab's Armour Emporium.
  9216 | D:7      | Found a staircase to the Ecumenical Temple.
  9530 | D:8      | Noticed Joseph
  9542 | D:8      | Killed Joseph
  9582 | D:8      | Reached skill level 11 in Axes
  9896 | D:8      | Noticed Maggie
  9902 | D:8      | Killed Maggie
 10194 | D:8      | Reached XP level 10. HP: 78/90 MP: 9/9
 10207 | D:8      | Found a hide-covered altar of Uskayaw.
 10364 | D:9      | Found a flagged portal.
 10371 | Bailey   | Entered a bailey
 10686 | Bailey   | Noticed an orc knight
 10701 | Bailey   | Killed an orc knight
 10702 | Bailey   | Reached skill level 12 in Axes
 10753 | Bailey   | Noticed an orc warlord
 10772 | Bailey   | Killed an orc warlord
 10842 | Bailey   | Acquired a +2 battleaxe of venom
 11222 | D:9      | Reached skill level 13 in Axes
 12447 | D:9      | Found a staircase to the Lair.
 12501 | D:9      | Reached skill level 10 in Ranged Weapons
 12501 | D:9      | Reached XP level 11. HP: 88/99 MP: 10/10
 12544 | D:9      | Reached skill level 10 in Fighting
 13463 | D:9      | Found a snail-covered altar of Cheibriados.
 13916 | D:5      | Bought a potion of mutation for 112 gold pieces
 13916 | D:5      | Bought a potion of mutation for 112 gold pieces
 13916 | D:5      | Bought a potion of might for 56 gold pieces
 13988 | D:10     | Entered Level 10 of the Dungeon
 14406 | D:10     | Found a runed translucent gate.
 14407 | D:10     | Found a runed translucent gate.
 14408 | D:10     | Found a runed translucent gate.
 14411 | D:10     | Noticed jlumianski's ghost (journeyman DjFE)
 14498 | D:10     | Found a shimmering blue altar of Sif Muna.
 14686 | Lair:1   | Entered Level 1 of the Lair of Beasts
 14751 | Lair:1   | Reached skill level 14 in Axes
 14892 | Lair:1   | Found a transporter.
 14894 | Lair:1   | Found a transporter.
 14895 | Lair:1   | Noticed a boulder beetle
 14906 | Lair:1   | Killed a boulder beetle
 16512 | Lair:2   | Identified the scarf of Supple Strength {shadows, Str+2}
 16569 | Lair:2   | Reached XP level 12. HP: 90/110 MP: 11/11
 16596 | Lair:2   | Found a gate leading to a gauntlet.
 16604 | Gauntlet | Entered a Gauntlet
 16604 | Gauntlet | Found a transporter.
 16614 | Gauntlet | Found a transporter.
 16621 | Gauntlet | Noticed a reaper
 16621 | Gauntlet | Found a transporter.
 16625 | Gauntlet | Found a transporter.
 16634 | Gauntlet | Killed a reaper
 16635 | Gauntlet | Reached skill level 15 in Axes
 16682 | Gauntlet | Found a transporter.
 16760 | Gauntlet | Identified the ring "Cuuwy" {Ice Will+}
 16819 | Gauntlet | Identified the +4 dagger "Hutaq" {distort, rElec rF++ Str+2
                  | Dex-4}
 16819 | Gauntlet | Noticed a minotaur
 16830 | Gauntlet | Killed a minotaur
 17043 | Lair:2   | Found a staircase to the Shoals.
 17111 | Lair:2   | Found a staircase to the Snake Pit.
 17386 | Lair:2   | Noticed Amaemon
 17396 | Lair:2   | Killed Amaemon
 17411 | Lair:2   | Reached **** piety under Trog
 18201 | Lair:3   | Reached skill level 16 in Axes
 19018 | Lair:4   | Noticed a death yak
 19021 | Lair:4   | Noticed an eight-headed hydra
 19024 | Lair:4   | Noticed a death yak
 19029 | Lair:3   | Killed a death yak
 19078 | Lair:3   | HP: 6/168 [polar bear (14)]
 19078 | Lair:3   | Mangled by an eight-headed hydra

Illustrated notes

Levels and vault maps discovered:
D:1:      shiori_arrival_oz, layout_basic
D:2:      layout_basic, uniq_natasha
D:3:      layout_loops_ring, grunt_qazlal_clouds, minmay_surrounded,
          uniq_sigmund, uniq_terence
D:4:      layout_layer_cave, mainiacjoe_overflow_boulevard, vehumet_crystals,
          nicolae_dithmenos_shadow_blocks, nicolae_ru_awakened_eye,
          enter_ossuary_3, chequers_jeans, hangedman_abyss_or_decor_stabs,
          uniq_eustachio
D:5:      layout_basic, serial_shops, shop, nicolae_stop_n_shop_2, uniq_duvessa
D:6:      gammafunk_cloud_chamber, layout_gridville, old_standard_altar,
          serial_shops, nicolae_square_shop
D:7:      layout_basic, fedhas_altar_3, old_standard_altar, temple_fountains,
          serial_shops, shop, hellmonk_no_cap
D:8:      layout_loops_ring, lemuel_coloured_pillars_altar, uniq_maggie,
          uniq_joseph
D:9:      layout_roguey, mainiacjoe_overflow_24_doors,
          grunt_lair_entry_orc_guard_hut, enter_bailey_3, chequers_big_river
D:10:     layout_rooms, kennysheep_orc_sif_temple, ebering_ghost_rock_garden
Lair:1:   gammafunk_boulding_lane, layout_cave_pods, nicolae_lair_liquid_snakes
Lair:2:   layout_cave_pods, elwin_shoals_entry_rooms,
          minmay_snake_entry_guardpost_small, gauntlet_entry_generic,
          serial_bayou_pond_a, uniq_amaemon
Lair:3:   layout_cave_pods
Lair:4:   layout_hall_layers, st_stairs_3

Skill      XL: |  1  2  3  4  5  6  7  8  9 10 11 12 |
---------------+-------------------------------------+-----
Axes           | 4 5 6 7 9 11 13 14 16 | 16.2
Stealth        | 1 2 3 4 5 6 |  6.8
Fighting       | 4 5 6 7 8 9 11 | 11.9
Ranged Weapons | 1 5 7 10 11 13 | 13.3
Armour         | |  2.4
Dodging        | |  2.1
Evocations     | |  0.5

Action                     |  1- 3 |  4- 6 |  7- 9 | 10-12 || total
---------------------------+-------+-------+-------+-------++-------
  Melee: Hand axe          |    79 |    74 |       |       ||   153
         Headbutt          |     9 |    20 |    38 |    72 ||   139
         Punch             |     1 |       |     3 |       ||     4
         War axe           |       |    67 |   242 |       ||   309
         Battleaxe         |       |       |    29 |   344 ||   373
         Scimitar          |       |       |       |     1 ||     1
   Fire: Shortbow          |       |       |    18 |       ||    18
         Orcbow            |       |       |    30 |   229 ||   259
         Longbow           |       |       |       |    49 ||    49
  Throw: Stone             |       |     3 |     9 |       ||    12
         Dart              |       |     3 |    10 |     9 ||    22
 Invoke: Berserk           |     1 |     8 |     8 |    13 ||    30
         Trog's Hand       |       |     5 |     6 |    17 ||    28
  Evoke: Wand              |       |       |     5 |     8 ||    13
         Phial of floods   |       |       |       |     1 ||     1
    Use: Scroll            |       |     1 |    17 |    16 ||    34
         Potion            |       |       |       |     7 ||     7
   Stab: Sleeping          |     1 |       |     1 |     3 ||     5
         Invisible         |       |       |       |     2 ||     2
 Armour: Animal skin       |     9 |       |       |       ||     9
         Plate armour      |    13 |    97 |   112 |       ||   222
         Ring mail         |       |       |    70 |   151 ||   221
  Dodge: Dodged            |    43 |    44 |   115 |   196 ||   398
  Block: Buckler           |       |     9 |    14 |       ||    23

Table legend: (Time is in decaauts)
 A = Elapsed time spent in this place.
 B = Non-inter-level travel time spent in this place.
 C = Inter-level travel time spent in this place.
 D = Time resting spent in this place.
 E = Time spent auto-exploring this place.
 F = Levels seen in this place.
 G = Mean time per level.
                   A        B        C        D        E       F      G
               +--------+--------+--------+--------+--------+-----+--------+
         Total |  19407 |  18813 |    594 |   7233 |   8413 |  17 | 1141.6 |
       Dungeon |  13966 |  13487 |    479 |   5607 |   6013 |  10 | 1396.6 |
          Lair |   4066 |   3952 |    114 |    943 |   2239 |   4 | 1016.5 |
       Ossuary |    303 |    303 |      0 |    155 |     24 |   1 |  303.0 |
        Bailey |    692 |    692 |      0 |    359 |     84 |   1 |  692.0 |
      Gauntlet |    377 |    377 |      0 |    167 |     52 |   1 |  377.0 |
               +--------+--------+--------+--------+--------+-----+--------+

Top non-repeatable levels by time:
     D:9: 3026 daAuts
     D:1: 2855 daAuts
  Lair:1: 1779 daAuts
     D:7: 1417 daAuts
     D:2: 1362 daAuts
  Lair:2: 1181 daAuts
     D:3: 1148 daAuts
     D:4: 1130 daAuts
  Lair:3: 1082 daAuts
     D:8: 856 daAuts
     D:6: 795 daAuts
     D:5: 695 daAuts
  Bailey: 692 daAuts
    D:10: 677 daAuts
Gauntlet: 377 daAuts
